 Dungeon Crawl Stone Soup version 0.24-a0-586-g8e0e932a4c (webtiles) character file.

Game seed: 12165461525020797807, levelgen mode: deterministic

1556 E1999 the Covered (level 8, -10/46 HPs)
             Began as a Gargoyle Fighter on Sept 8, 2019.
             Killed by divine providence
             ... invoked by an orc priest
              (15 damage)
             ... on level 6 of the Dungeon.
             The game lasted 00:17:50 (4946 turns).

E1999 the Covered (Gargoyle Fighter)                Turns: 4946, Time: 00:17:51

Health: -10/46     AC: 12    Str: 20    XL:     8   Next: 88%
Magic:  8/8        EV: 11    Int:  9    God:
Gold:   276        SH:  0    Dex: 11    Spells: 7/7 levels left

rFire    . . .     SeeInvis +   v - +0 war axe (freeze)
rCold    . . .     Gourm    .   (no shield)
rNeg     + . .     Faith    .   z - +2 robe {MR+}
rPois    ∞         Spirit   .   m - +1 helmet
rElec    +         Reflect  .   t - scarf {cloud immunity}
rCorr    .         Harm     .   (no gloves)
MR       +....                  (no boots)
Stlth    +.........             (no amulet)
HPRegen  0.15/turn              (no ring)
MPRegen  0.11/turn              (no ring)

@: no status effects
A: see invisible, negative energy resistance 1, electricity resistance, wild
magic 1, unbreathing, petrification resistance, rot immunity, AC +5
a: no special abilities


You were on level 6 of the Dungeon.
You were not hungry.

You visited 1 branch of the dungeon, and saw 6 of its levels.

You collected 276 gold pieces.

Inventory:

Hand Weapons
 a - a +0 flail
 h - a +2 dagger of speed
 q - a +0 spear of freezing
 s - a +0 battleaxe
 v - a +0 war axe of freezing (weapon)
 x - a +0 halberd
Missiles
 d - 28 poisoned darts (quivered)
Armour
 b - a +0 scale mail
 c - a +0 shield
 l - a +0 plate armour
 m - a +1 helmet (worn)
 t - a scarf of cloud immunity (worn)
 z - a +2 robe of magic resistance (worn)
Scrolls
 g - 5 scrolls of remove curse {unknown}
 i - 3 scrolls of fog {unknown}
 j - 2 scrolls of noise {unknown}
 k - 2 scrolls of identify {unknown}
 n - a scroll of enchant armour {unknown}
 o - a scroll of blinking {unknown}
 p - 2 scrolls of enchant weapon {unknown}
 r - 2 scrolls of teleportation {unknown}
 u - 3 scrolls of random uselessness {unknown}
 y - 3 scrolls of amnesia {unknown}
 B - a scroll of fear {unknown}
Potions
 e - a potion of brilliance {unknown}
 w - 2 potions of curing
 A - a potion of mutation
Comestibles
 f - 12 rations


   Skills:
 - Level 3.4 Fighting
 - Level 6.1 Short Blades
 * Level 4.1(4.5) Axes
 - Level 2.0(3.5) Maces & Flails
 - Level 1.9(3.2) Polearms
 - Level 7.3 Armour
 - Level 0.7 Dodging
 - Level 3.2 Shields
   Level 1.1 Evocations


You had 7 spell levels left.
You didn't know any spells.
Your spell library was empty.

Dungeon Overview and Level Annotations

Branches:
Dungeon (6/15)
 Temple: D:4-7

Altars:
Dithmenos


Innate Abilities, Weirdness & Mutations

You are resistant to torment.
Your stone body is resilient. (AC +5)
You are immune to poison.
You resist negative energy. (rN+)
You are resistant to electric shocks. (rElec)
You can survive without breathing.
You are immune to petrification.
You are immune to rotting.
You have supernaturally acute eyesight. (SInv)
Your spells are a little harder to cast, but a little more powerful.


Message History

The necrophage hits you but does no damage.
You hit the necrophage. You freeze the necrophage.
The necrophage is moderately damaged.
The orc warrior hits you from afar with a +0 glaive.
The necrophage closely misses you.
You hit the necrophage. You freeze the necrophage.
The necrophage is heavily damaged.
The orc warrior hits you from afar with a +0 glaive!
* * * LOW HITPOINT WARNING * * *
The necrophage hits you.
* * * LOW HITPOINT WARNING * * *
An orc comes into view.
An orc priest comes into view.
It is wielding a +2 dagger of protection.
The orc priest shouts!
The orc priest invokes the aid of Beogh against you.
Beogh smites you!
* * * LOW HITPOINT WARNING * * *
The orc priest calls down the wrath of Beogh upon you.
Beogh smites you!
You die...

....# #..#.###.##..######.##
....#####...........## #..#
..S.#..........######
##.#### ...(......#..#...#
#.#... .#...###.(...###.#
#..... #.##S(...o...##.##
###.(. ......##o###.o.#..#
##... ..c#####c# #.#.n..#
#######.... ... #o#
#.###@.#####.......... ..c
##.# #o##.........######...
...
#..###c#..##......######...
#..o.o...# ###†.#......####
#....(.......# ##.>.####..#
#............# ##........#
...###........######....####
###.
#.........).....##.####### #
#........#########.......#


You could see an orc warrior, a necrophage and an orc priest.

Vanquished Creatures
  Menkaure (D:4)
  The ghost of Thargor the Magician, an amateur DEFE (D:3)
  2 phantoms
  A necrophage (D:3)
  An ogre (D:4)
  2 centaurs
  Blork the orc (D:6)
  A scorpion (D:6)
  2 crimson imps (D:5)
  2 centaur zombies
  An orc priest (D:3)
  2 orc wizards (D:4)
  Jessica (D:2)
  Natasha (D:1)
  2 worker ants
  2 worker ant zombies
  Robin (D:3)
  14 gnolls
  10 adders
  2 shadow imps (D:5)
  An ooze (D:3)
  2 worms
  5 dart slugs
  7 leopard geckos
  9 orcs
  A giant cockroach (D:3)
  12 goblins
  11 hobgoblins
  6 jackals
  5 kobolds
  3 quokkas
  6 bats
  6 frilled lizards
  A jackal zombie (D:3)
  5 rats
130 creatures vanquished.

Vanquished Creatures (others)
  A quokka zombie (D:5)
1 creature vanquished.

Grand Total: 131 creatures vanquished

Notes
Turn   | Place    | Note
-------+----------+-------------------------------------------
     0 | D:1      | E1999 the Gargoyle Fighter began the quest for the Orb.
     0 | D:1      | Reached XP level 1. HP: 14/14 MP: 1/1
   171 | D:1      | Reached XP level 2. HP: 11/19 MP: 2/2
   512 | D:1      | Reached skill level 4 in Armour
   912 | D:2      | Noticed Natasha
   931 | D:1      | Killed Natasha
   931 | D:1      | Reached skill level 1 in Short Blades
   931 | D:1      | Reached XP level 3. HP: 17/23 MP: 3/3
  1050 | D:2      | Reached XP level 4. HP: 28/28 MP: 4/4
  1203 | D:2      | Reached skill level 2 in Short Blades
  1203 | D:2      | Reached skill level 5 in Armour
  1246 | D:2      | Noticed Jessica
  1257 | D:2      | Killed Jessica
  1257 | D:2      | Reached XP level 5. HP: 14/32 MP: 5/5
  1602 | D:3      | Found a transporter.
  1776 | D:3      | Found a transporter.
  1776 | D:3      | Noticed Thargor's ghost (amateur DEFE)
  1777 | D:3      | Noticed a necrophage
  1801 | D:3      | Reached skill level 3 in Short Blades
  1832 | D:3      | Reached XP level 6. HP: 19/37 MP: 6/6
  1912 | D:3      | Noticed Robin
  1957 | D:3      | Killed Robin
  2132 | D:3      | Reached skill level 4 in Short Blades
  2266 | D:3      | Killed Thargor's ghost
  2266 | D:3      | Reached XP level 7. HP: 15/41 MP: 7/7
  2284 | D:3      | Reached skill level 5 in Short Blades
  2289 | D:3      | Reached skill level 6 in Armour
  2799 | D:4      | Noticed Menkaure
  2802 | D:4      | Killed Menkaure
  3010 | D:4      | Reached skill level 6 in Short Blades
  3337 | D:4      | Reached XP level 8. HP: 25/46 MP: 8/8
  3338 | D:4      | Reached skill level 1 in Polearms
  3802 | D:4      | Reached skill level 7 in Armour
  3919 | D:5      | Entered Level 5 of the Dungeon
  3980 | D:5      | Reached skill level 1 in Evocations
  4094 | D:5      | Reached skill level 1 in Axes
  4323 | D:5      | Reached skill level 2 in Axes
  4631 | D:6      | Reached skill level 3 in Axes
  4662 | D:6      | Noticed Blork the orc
  4673 | D:6      | Gained mutation: You have supernaturally acute eyesight.
                  | (SInv) [potion of mutation]
  4673 | D:6      | Gained mutation: Your spells are a little harder to cast,
                  | but a little more powerful. [potion of mutation]
  4813 | D:6      | Killed Blork the orc
  4893 | D:6      | Reached skill level 4 in Axes
  4907 | D:6      | Found a shadowy altar of Dithmenos.
  4944 | D:6      | HP: 4/46 [orc priest/divine providence (10)]
  4946 | D:6      | Killed from afar by an orc priest

Levels and vault maps discovered:
D:1:      psy_arrival_fountain, layout_basic
D:2:      layout_basic, ebering_dispersal_statue_hall,
          chequers_serial_rivers_small_b, uniq_natasha, uniq_jessica
D:3:      layout_basic, gammafunk_ghost_mausoleum, uniq_robin
D:4:      layout_loops_ring, first_ration, dk_noncrumbling_2,
          grunt_ministairs_1, uniq_menkaure
D:5:      layout_rooms, kennysheep_generic_room_10
D:6:      layout_rooms, overflow_temple_1_default, serial_shops,
          nicolae_shop_crystal, kennysheep_slug_shrine, uniq_blork_the_orc,
          uniq_sigmund

Skill      XL: |  1  2  3  4  5  6  7  8 |
---------------+-------------------------+-----
Armour         | 4 5 6 7 |  7.3
Short Blades   | 1 2 3 4 6 |  6.1
Polearms       | 1 |  1.9
Evocations     | 1 |  1.1
Axes           | 4 |  4.1
Fighting       | |  3.4
Maces & Flails | |  2.0
Dodging        | |  0.7
Shields        | |  3.2

Action                   |  1- 3 |  4- 6 |  7- 9 || total
-------------------------+-------+-------+-------++-------
Melee: Flail             |    27 |       |       ||    27
       Dagger            |    81 |   267 |   243 ||   591
       War axe           |       |       |   139 ||   139
Evoke: Wand              |       |     2 |     8 ||    10
  Use: Potion            |       |     2 |     2 ||     4
 Stab: Paralysed         |       |       |     1 ||     1
  Eat: Chunk             |       |     4 |     6 ||    10
       Ration            |       |       |     1 ||     1
Armor: Scale mail        |    60 |   103 |   140 ||   303
       Plate armour      |    19 |       |       ||    19
       Robe              |       |       |    12 ||    12
Dodge: Dodged            |    50 |    77 |   149 ||   276

Table legend:
 A = Non-vault XP
 B = Vault XP
 C = Vault XP percentage of total XP
 D = Non-vault monster count
 E = Vault monster count
 F = Vault count percentage of total count
                 A         B        C        D         E       F
            +---------+---------+-------+---------+---------+-------
      Total |    1522 |     702 |  31.6 |     109 |      21 |  16.2
            +---------+---------+-------+---------+---------+-------
        D:1 |      37 |      35 |  48.6 |      20 |       1 |   4.8
        D:2 |      82 |      37 |  31.1 |       9 |       1 |  10.0
        D:3 |     276 |     361 |  56.7 |      39 |      16 |  29.1
        D:4 |     439 |     175 |  28.5 |      19 |       2 |   9.5
        D:5 |     458 |       0 |   0.0 |      17 |       0 |   0.0
        D:6 |     230 |      94 |  29.0 |       5 |       1 |  16.7
            +---------+---------+-------+---------+---------+-------
